 Dungeon Crawl Stone Soup version 0.31.0-32-g396128a36d (webtiles) character file.

Game seed: 13423730237529839760

46984 PaiMei the Black Sun (level 14, -7/115 HPs)
             Began as a Demonspawn Necromancer on Mar 27, 2024.
             Was a High Priest of Kikubaaqudgha.
             Mangled by a dire elephant (26 damage)
             ... on level 5 of the Lair of Beasts.
             The game lasted 00:39:19 (27706 turns).

PaiMei the Black Sun (Demonspawn Necromancer)      Turns: 27706, Time: 00:39:19

Health: -7/115     AC: 10    Str:  9    XL:     14   Next: 6%
Magic:  18/38      EV: 15    Int: 20    God:    Kikubaaqudgha [*****.]
Gold:   1004       SH:  6    Dex: 14    Spells: 14/36 levels left

rFire   . . .        u - +2 dagger (venom)
rCold   . . .        (no shield)
rNeg    . . .        a - +0 robe
rPois   .            I - +0 hat {Will+}
rElec   .            U - +0 cloak
rCorr   .            B - +0 pair of gloves
SInv    .            l - +0 pair of boots
Will    ++...        E - amulet of the acrobat
Stlth   ++           c - +4 ring of protection
HPRegen 0.39/turn    Q - ring of magical power
MPRegen 0.52/turn

%: acrobat
@: very slightly contaminated
A: hooves 2, large bone plates 2, magic regeneration, demonic magic 2
a: Renounce Religion, Unearth Wretches, Torment


You were on level 5 of the Lair of Beasts.
You worshipped Kikubaaqudgha.
Kikubaaqudgha was extremely pleased with you.
You visited 3 branches of the dungeon, and saw 17 of its levels.
You also visited: Sewer.

You collected 1004 gold pieces.

Inventory:

Hand Weapons
 e - a +3 trident of draining
 u - a +2 dagger of venom (weapon)
Missiles
 y - 4 curare-tipped darts (quivered)
 D - 5 datura-tipped darts
 P - 5 throwing nets
Armour
 a - a +0 robe (worn)
 k - an orb of energy
 l - a +0 pair of boots (worn)
 B - a +0 pair of gloves (worn)
 I - a +0 hat of willpower (worn)
 S - a +1 scale mail of willpower
 U - a +0 cloak (worn)
Jewellery
 c - a +4 ring of protection (left hand)
 s - a ring of resist corrosion
 C - an amulet of reflection
 E - an amulet of the acrobat (around neck)
 K - a ring of willpower
 L - a ring of see invisible
 Q - a ring of magical power (right hand)
Wands
 g - a wand of polymorph (21)
 m - a wand of digging (6)
 A - a wand of quicksilver (15)
 G - a wand of mindburst (31)
 M - a wand of iceblast (16)
 O - a wand of flame (33)
 Z - a wand of paralysis (19)
Scrolls
 f - 5 scrolls of enchant armour
 i - 5 scrolls of fog
 j - a scroll of blinking {unknown}
 o - 3 scrolls of enchant weapon
 v - 4 scrolls of teleportation
 z - 2 scrolls of fear
 F - a scroll of noise {unknown}
 H - a scroll of torment {unknown}
 V - 2 scrolls of silence
 W - 3 scrolls of revelation
 X - 2 scrolls of vulnerability {unknown}
Potions
 b - 3 potions of magic
 d - 7 potions of invisibility
 h - 3 potions of cancellation
 n - 2 potions of might {unknown}
 p - a potion of mutation
 q - a potion of lignification {unknown}
 r - a potion of brilliance {unknown}
 t - 4 potions of heal wounds
 w - a potion of ambrosia {unknown}
 x - 12 potions of curing
 J - a potion of enlightenment {unknown}
 N - 3 potions of berserk rage
 R - 4 potions of attraction
 T - 2 potions of resistance
 Y - 5 potions of haste


   Skills:
 + Level 12.1 Fighting
 + Level 8.4 Armour
 - Level 8.1 Dodging
 - Level 3.6 Stealth
 + Level 11.7 Spellcasting
 + Level 14.3 Necromancy


You had 14 spell levels left.
You knew the following spells:

 Your Spells              Type           Power      Damage    Failure   Level
a - Necrotise             Necr           100%       1d9       0%          1
b - Vampiric Draining     Necr           62%        2d10      1%          3
c - Animate Dead          Necr           62%        N/A       1%          4
d - Curse of Agony        Necr           62%        N/A       1%          5
e - Dispel Undead         Necr           62%        3d22      1%          4
f - Borgnjor's Vile Clut  Necr/Erth      20%        N/A       9%          5

Your spell library contained the following spells:

 Spells                   Type           Power      Damage    Failure   Level
 Kiss of Death            Conj/Necr      100%       2d13      1%          1
 Cigotuvi's Dreadful Rot  Necr/Alch/Air  60%        N/A       1%          2
 Death Channel            Necr           31%        N/A       2%          6
 Martyr's Knell           Necr/Summ      40%        N/A       3%          4
 Shock                    Conj/Air       44%        1d5       6%          1
 Scorch                   Fire           22%        2d5       9%          2
 Hailstorm                Conj/Ice       11%        3d6       17%         3
 Stone Arrow              Conj/Erth      22%        3d8       17%         3
 Summon Ice Beast         Ice/Summ       11%        N/A       17%         3
 Swiftness                Air            11%        N/A       17%         3
 Tukima's Dance           Hex            11%        N/A       17%         3
 Airstrike                Air            5%         2d(1-17)  50%         4
 Animate Armour           Summ/Erth      22%        N/A       50%         4
 Flame Wave               Conj/Fire      11%        2d6       50%         4
 Leda's Liquefaction      Alch/Erth      5%         N/A       50%         4
 Passage of Golubria      Tloc           11%        N/A       50%         4
 Summon Lightning Spire   Summ/Air       11%        N/A       50%         4
 Infestation              Necr           31%        N/A       73%         8
 Lee's Rapid Deconstruct  Erth           5%         3d6*      85%         5
 Silence                  Hex/Air        5%         N/A       85%         5
 Summon Mana Viper        Hex/Summ       11%        N/A       85%         5
 Yara's Violent Unravell  Hex/Alch       5%         3d4       85%         5
 Haunt                    Necr/Summ      20%        N/A       95%         7
 Bombard                  Conj/Erth      5%         9d2       100%        6
 Sculpt Simulacrum        Ice/Alch       5%         N/A       100%        6
 Summon Cactus Giant      Summ           5%         N/A       100%        6
 Monstrous Menagerie      Summ           5%         N/A       100%        7
 Lehudib's Crystal Spear  Conj/Erth      5%         10d3      100%        8


Dungeon Overview and Level Annotations

Branches:
Dungeon (11/15)            Temple (0/1) D:4            Lair (5/5) D:11
 Shoals (0/4) Lair:2        Snake (1/4) Lair:2        Slime (0/5) Lair:4
    Orc (0/2) D:11          Sewer (visited)

Altars:
Cheibriados
Hepliaklqana
Kikubaaqudgha
Makhleb
Sif Muna
Uskayaw
Vehumet
Xom
Jiyva

Annotations:
D:5 3 runed translucent doors, seawaffle's ghost, novice MiBe
D:8 2 transporters, 3 runed translucent doors, Alphaeus's ghost, novice TrSh


Innate Abilities, Weirdness & Mutations

You have hoof-like feet.
You are mostly covered in large bone plates. (SH +6)
You regenerate magic rapidly.
Spells you cast may paralyse nearby enemies.


Message History

The dire elephant trunk-slaps you.
Casting: Borgnjor's Vile Clutch (dangerous; 9% risk of failure)
Confirm with . or Enter, or press ? or * to list all spells.
Aiming: Curse of Agony (mildly dangerous; 1% risk of failure)
Press: ? - help, Shift-Dir - straight line, f/p - dire elephant
Aim: a dire elephant (lightly wounded, constricted by zombie hands, chance to affect: 37%)
The dire elephant easily resists.
Malevolent energies surge around you.
The zombie hands constrict the dire elephant.
The dire elephant tramples you!!
You stumble backwards!
The zombie hands lose their grip on the dire elephant.
Casting: Curse of Agony (mildly dangerous; 1% risk of failure)
Confirm with . or Enter, or press ? or * to list all spells.
Aiming: Curse of Agony (mildly dangerous; 1% risk of failure)
Press: ? - help, Shift-Dir - straight line, f/p - dire elephant
Aim: a dire elephant (lightly wounded, chance to affect: 37%)
The dire elephant is cursed with the promise of agony.
Malevolent energies surge around you. The dire elephant barely misses you.
The dire elephant trunk-slaps you!
You hit the dire elephant but do no damage.
The dire elephant is poisoned.
The dire elephant convulses!
The dire elephant is heavily wounded.
The dire elephant closely misses you. The dire elephant trunk-slaps you!
You hit the dire elephant but do no damage.
The dire elephant looks as sick as possible!
The dire elephant convulses!
The dire elephant is freed from its curse.
The dire elephant is severely wounded.
The dire elephant tramples you!!
* * * LOW HITPOINT WARNING * * *
You stumble backwards!
Casting: Curse of Agony (mildly dangerous; 1% risk of failure)
Confirm with . or Enter, or press ? or * to list all spells.
Aiming: Vampiric Draining (safe; 1% risk of failure)
Press: ? - help, Shift-Dir - straight line, f/p - dire elephant
Aim: a dire elephant (severely wounded, extremely poisoned)
You draw life force from the dire elephant!
You feel life coursing into your body. Malevolent energies surge around you.
The dire elephant tramples you!!
You die...
Kikubaaqudgha rasps: "You have failed me!
Welcome... death!"

#... #.......... ###..........
#### ### #####.#.........#
#..###.##########.....#........##
....##...#....................P#
.....#.......................###
...........(..................##
...............................##
......Y...<....Y@...P....##.....#
#....k..........<....P.###.....##
##..............##..PP## ###...##
#.....##.......##.#P### #.....#
#...#####...#..###### ##....P
#....## ######## #P.... #...#.#
#..... ....### ###... ....## ##..


You could see a dire elephant (extremely poisoned).

Vanquished Creatures
  2 catoblepae (Lair:5)
  2 hydras
  5 death yaks
  The ghost of Braxus the Thaumaturge, a journeyman TeSu of Sif Muna (Lair:3)
  Amaemon (D:11)
  Pikel (D:9)
  2 ugly things (D:11)
  6 black mambas
  A cyclops (D:9)
  4 elephants
  3 torpor snails (Lair:2)
  7 cane toads
  An orange demon (Lair:1)
  Maggie (Lair:1)
  Jeremiah (Lair:1)
  6 komodo dragons
  2 rime drakes
  A burning bush (Lair:1)
  3 trolls
  A hornet (Lair:2)
  8 polar bears
  Prince Ribbit (D:7)
  14 blink frogs
  3 dream sheep (Lair:5)
  3 shadows
  36 yaks
  4 wyverns
  2 basilisks
  3 steam dragons
  16 water moccasins
  2 acid dragons
  5 orc warriors
  2 sky beasts
  2 black bears
  6 wolves
  6 centaurs
  5 kobold brigands
  10 bullfrogs
  4 scorpions
  11 killer bees
  2 electric eels
  6 howler monkeys
  3 bombardier beetles
  6 orc priests
  4 hounds
  2 jellies (D:6)
  A gnoll bouda (D:5)
  Ijyb (D:4)
  15 orc wizards
  3 iguanas (D:4)
  A hell rat (Lair:5)
  10 gnolls
  2 adders
  3 white imps
  2 ufetubi (D:5)
  4 dart slugs
  2 ribbon worms
  37 orcs
  12 ball pythons
  11 bats
  9 endoplasms
  4 giant cockroaches
  9 goblins
  9 hobgoblins
  8 jackals
  7 quokkas
  7 frilled lizards
  45 kobolds
  8 rats
427 creatures vanquished.

Vanquished Creatures (collateral kills)
  Gastronok (Lair:3)
  A hydra (Lair:3)
  A death yak (Lair:3)
  A skyshark (Lair:5)
  4 elephants
  An eye of devastation (Lair:4)
  A black mamba (Lair:4)
  3 cane toads
  4 komodo dragons
  A polar bear (Lair:3)
  A blink frog (Lair:5)
  A glass eye (Lair:4)
  5 dream sheep (Lair:5)
  A wyvern (Lair:5)
  6 yaks
  3 water moccasins
  6 wolves
  A centaur (D:11)
  An orc wizard (D:11)
  A gnoll (D:3)
  2 goblins (D:4)
  A frilled lizard (D:3)
  3 rats
50 creatures vanquished.

Vanquished Creatures (others)
  A catoblepas zombie (Lair:5)
  A water moccasin (Lair:2)
  A cane toad zombie (Lair:5)
  An elephant zombie (Lair:3)
  A komodo dragon zombie (Lair:5)
  A wyvern zombie (Lair:5)
  A water moccasin zombie (Lair:5)
  5 polar bear zombies
  7 wolf zombies
  An orc wizard (D:10)
20 creatures vanquished.

Grand Total: 497 creatures vanquished

Notes
Turn   | Place    | Note
-------+----------+-------------------------------------------
     0 | D:1      | PaiMei the Demonspawn Necromancer began the quest for the
                  | Orb.
     0 | D:1      | Reached XP level 1. HP: 13/13 MP: 3/3
   155 | D:1      | Gained mutation: You are partially covered in large bone
                  | plates. (SH +4) [demonic ancestry]
   155 | D:1      | Reached XP level 2. HP: 19/19 MP: 1/5
   962 | D:2      | Gained mutation: You have large cloven feet. [demonic
                  | ancestry]
   962 | D:2      | Reached XP level 3. HP: 21/24 MP: 2/6
  1187 | D:2      | Found a faded altar of an unknown god.
  2089 | D:3      | Found a shimmering altar of Xom.
  2413 | D:2      | Reached XP level 4. HP: 29/30 MP: 5/7
  2475 | D:3      | Found a shimmering altar of Xom.
  2475 | D:3      | Found a shimmering altar of Xom.
  2479 | D:3      | Found a shimmering altar of Xom.
  2529 | D:3      | Reached skill level 5 in Necromancy
  2931 | D:3      | Found a radiant altar of Vehumet.
  2938 | D:3      | Gained mutation: You have hoof-like feet. [demonic
                  | ancestry]
  2938 | D:3      | Reached XP level 5. HP: 28/35 MP: 2/9
  3000 | D:3      | Found an ancient bone altar of Kikubaaqudgha.
  3010 | D:3      | Became a worshipper of Kikubaaqudgha
  3068 | D:3      | Found a shimmering blue altar of Sif Muna.
  3976 | D:4      | Found a glowing drain.
  3984 | Sewer    | Entered a sewer
  4202 | Sewer    | Gained mutation: Spells you cast may paralyse adjacent
                  | enemies. [demonic ancestry]
  4202 | Sewer    | Reached XP level 6. HP: 41/41 MP: 7/10
  4348 | Sewer    | Reached * piety under Kikubaaqudgha
  4348 | Sewer    | Received a gift from Kikubaaqudgha
  5012 | D:4      | Learned a level 3 spell: Vampiric Draining
  5095 | D:4      | Found a staircase to the Ecumenical Temple.
  5279 | D:4      | Noticed Ijyb
  5290 | D:4      | Killed Ijyb
  5291 | D:4      | Identified the +1 sling of a bazaar {freeze, *Slow rPois
                  | SInv}
  5622 | D:4      | Reached skill level 1 in Fighting
  6067 | D:5      | Entered Level 5 of the Dungeon
  6271 | D:5      | Found a snail-covered altar of Cheibriados.
  6314 | D:5      | Found a runed translucent gate.
  6314 | D:5      | Found a runed translucent gate.
  6314 | D:5      | Found a runed translucent gate.
  6351 | D:5      | Noticed an ice beast
  6352 | D:5      | Noticed seawaffle's ghost (novice MiBe)
  6362 | D:5      | Reached skill level 6 in Necromancy
  6362 | D:5      | Reached XP level 7. HP: 42/48 MP: 4/12
  6825 | D:5      | Reached ** piety under Kikubaaqudgha
  7646 | D:6      | Reached XP level 8. HP: 57/57 MP: 7/14
  7894 | D:6      | Reached skill level 7 in Necromancy
  8082 | D:6      | Reached skill level 5 in Spellcasting
  8094 | D:6      | Reached skill level 5 in Dodging
  8245 | D:6      | Found a hide-covered altar of Uskayaw.
  9088 | D:7      | Reached *** piety under Kikubaaqudgha
  9088 | D:7      | Received a gift from Kikubaaqudgha
  9168 | D:7      | Learned a level 4 spell: Animate Dead
  9173 | D:7      | Learned a level 4 spell: Dispel Undead
  9196 | D:7      | Reached XP level 9. HP: 66/66 MP: 13/17
  9425 | D:7      | Found a hazy altar of Hepliaklqana.
  9843 | D:7      | Reached skill level 8 in Necromancy
  9870 | D:7      | Noticed Prince Ribbit
  9881 | D:7      | Killed Prince Ribbit
  9882 | D:7      | Reached skill level 5 in Fighting
 10123 | D:8      | Found a transporter.
 10336 | D:8      | Found a viscous altar of Jiyva.
 10589 | D:8      | Found a runed translucent gate.
 10589 | D:8      | Found a runed translucent gate.
 10589 | D:8      | Found a runed translucent gate.
 10595 | D:8      | Noticed Alphaeus's ghost (novice TrSh)
 10928 | D:8      | Found a transporter.
 11037 | D:8      | Learned a level 5 spell: Curse of Agony
 11256 | D:9      | Found a burning altar of Makhleb.
 11279 | D:9      | Reached skill level 9 in Necromancy
 11283 | D:9      | Gained mutation: You are mostly covered in large bone
                  | plates. (SH +6) [demonic ancestry]
 11283 | D:9      | Reached XP level 10. HP: 76/76 MP: 14/20
 11728 | D:9      | Noticed a cyclops
 11996 | D:9      | Reached **** piety under Kikubaaqudgha
 12258 | D:9      | Noticed Pikel
 12267 | D:9      | Killed Pikel
 12784 | D:9      | Killed a cyclops
 13203 | D:10     | Entered Level 10 of the Dungeon
 13858 | D:10     | Reached skill level 10 in Necromancy
 14677 | D:10     | Gained mutation: You regenerate magic rapidly. [demonic
                  | ancestry]
 14677 | D:10     | Reached XP level 11. HP: 85/86 MP: 19/23
 15166 | D:11     | Reached skill level 1 in Armour
 15346 | D:11     | Noticed a green ugly thing
 15354 | D:11     | Killed a green ugly thing
 15532 | D:11     | Found a staircase to the Lair.
 15728 | D:11     | Reached ***** piety under Kikubaaqudgha
 16001 | D:11     | Found a staircase to the Orcish Mines.
 16028 | D:11     | Noticed a white ugly thing
 16039 | D:11     | Killed a white ugly thing
 16524 | D:11     | Learned a level 5 spell: Borgnjor's Vile Clutch
 16525 | Lair:1   | Entered Level 1 of the Lair of Beasts
 16525 | Lair:1   | Noticed Amaemon
 16782 | D:11     | Reached skill level 11 in Necromancy
 16974 | D:11     | Killed Amaemon
 17465 | Lair:1   | Noticed a six-headed hydra
 17537 | Lair:1   | Noticed Maggie
 17590 | Lair:1   | Killed Maggie
 17751 | Lair:1   | HP: 2/87 [six-headed hydra (5)]
 17752 | Lair:1   | Killed a six-headed hydra
 18303 | Lair:1   | Noticed Jeremiah
 18318 | Lair:1   | Killed Jeremiah
 18752 | Lair:2   | Found a staircase to the Snake Pit.
 18921 | Lair:2   | Reached XP level 12. HP: 95/95 MP: 22/25
 18950 | Lair:2   | Found a staircase to the Shoals.
 19062 | Lair:2   | Found a snail-covered altar of Cheibriados.
 19554 | Lair:2   | Reached skill level 12 in Necromancy
 20094 | Lair:2   | Reached skill level 5 in Armour
 20744 | Lair:3   | Reached skill level 10 in Fighting
 20997 | Lair:3   | Reached skill level 10 in Spellcasting
 21031 | Lair:3   | Noticed a five-headed hydra
 21036 | Lair:3   | Noticed Gastronok
 21036 | Lair:3   | Killed a five-headed hydra
 21044 | Lair:3   | Noticed a death yak
 21045 | Lair:3   | Noticed a death yak
 21045 | Lair:3   | Killed Gastronok
 21046 | Lair:3   | Noticed a death yak
 21048 | Lair:3   | Noticed a death yak
 21049 | Lair:3   | Noticed a death yak
 21051 | Lair:3   | Noticed a death yak
 21051 | Lair:3   | Killed a death yak
 21444 | Lair:3   | Reached XP level 13. HP: 96/104 MP: 27/27
 21551 | Lair:3   | Reached skill level 13 in Necromancy
 21827 | Lair:3   | Found a runed translucent gate.
 21827 | Lair:3   | Found a runed translucent gate.
 21827 | Lair:3   | Found a runed translucent gate.
 21873 | Lair:3   | Noticed Braxus's ghost (journeyman TeSu)
 21978 | Lair:2   | HP: 4/105 [death yak (24)]
 22406 | Snake:1  | Entered Level 1 of the Snake Pit
 22885 | Lair:3   | Killed Braxus's ghost
 23416 | Lair:4   | You fall into a shaft and drop 1 floor!
 23416 | Lair:5   | Entered Level 5 of the Lair of Beasts
 25653 | Lair:5   | Reached skill level 14 in Necromancy
 25920 | Lair:5   | Noticed a dire elephant
 26839 | Lair:4   | Got the Dissertation on Singed Injury
 26937 | Lair:4   | Gained mutation: Spells you cast may paralyse nearby
                  | enemies. [demonic ancestry]
 26937 | Lair:4   | Reached XP level 14. HP: 82/115 MP: 29/29
 27289 | Lair:4   | Found a staircase to the Slime Pits.
 27290 | Lair:4   | Found a viscous altar of Jiyva.
 27706 | Lair:5   | Mangled by a dire elephant

Illustrated notes

Levels and vault maps discovered:
D:1:      dpeg_arrival_concentric_ovals, layout_basic
D:2:      layout_loops_ring, shapermc_ecumenical_altar_pompeii,
          chequers_serial_rivers_small_3, minmay_octomino_j4
D:3:      cheibrodos_helix_gallery, layout_loops_ring,
          palyth_temple_overflow_mages, xom_redecorated, minmay_crystal_water,
          serial_park_tiny_1, minmay_door_square
D:4:      kennysheep_goblin_castle, layout_gridville, temple_doors_e,
          gup_sewer_entry_bubbles, hangedman_decor_opposing
D:5:      layout_basic, lemuel_crystal_altar, kennysheep_mini,
          gammafunk_ghost_icy
D:6:      layout_loops_ring, mainiacjoe_overflow_six_doors_small,
          minmay_a_box_with_orc_wizards_in_it
D:7:      layout_cave_pools, grunt_temple_overflow_open, serial_column_ruins,
          column_ruins_corridor_dead_end, column_ruins_columns_corner,
          column_ruins_corridor_T, column_ruins_grid_1, column_ruins_columns_T,
          uniq_prince_ribbit1
D:8:      gammafunk_jiyva_shrine, layout_basic, gammafunk_ghost_necromancy
D:9:      layout_stronghold, old_standard_altar, enter_bailey_2,
          grunt_ministairs_5, chequers_serial_rivers_room_b,
          small_statue_intersection, uniq_pikel
D:10:     layout_loops_corners
D:11:     layout_basic, david_lair_shrubbed, orc_0_dummy,
          serial_library_hellmonk_double_dead_end
Lair:1:   layout_hall_layers, evilmike_ambush [evilmike_ambush_outer_pillars,
          evilmike_ambush_inner_basic], serial_bayou_shore_a,
          infiniplex_staircase_pool, uniq_amaemon, uniq_maggie, uniq_jeremiah
Lair:2:   layout_roguey, elwin_shoals_entry_rocks,
          minmay_snake_entry_six_corridors, kennysheep_snail_temple
Lair:3:   layout_gridlike, ebering_ghost_rock_garden, cheibrodos_lair_lostbears,
          uniq_gastronok
Lair:4:   layout_regular_city, minmay_slime_entry_eyes, lemuel_fruit_tree
Lair:5:   hangedman_lair_in_review, layout_hall_layers
Snake:1:  layout_basic, uniq_rupert

Skill      XL: |  1  2  3  4  5  6  7  8  9 10 11 12 13 |
---------------+----------------------------------------+-----
Stealth        | 2 3 |  3.6
Dodging        | 2 3 4 5 6 8 |  8.1
Necromancy     | 5 6 7 9 10 11 12 14 | 14.3
Spellcasting   | 3 4 5 6 8 9 10 11 | 11.7
Fighting       | 1 2 4 6 7 9 10 12 | 12.1
Armour         | 4 6 8 |  8.4

Action                     |  1- 3 |  4- 6 |  7- 9 | 10-12 | 13-15 || total
---------------------------+-------+-------+-------+-------+-------++-------
  Melee: Unarmed           |     6 |       |       |       |       ||     6
         Dagger            |    11 |    45 |   168 |   317 |   186 ||   727
         Whip              |     7 |       |       |       |       ||     7
         Kick              |     2 |       |       |       |       ||     2
         Punch             |     1 |     1 |     2 |     9 |     4 ||    17
         Short sword       |       |       |       |    11 |       ||    11
  Throw: Dart              |       |       |       |     1 |       ||     1
   Cast: Necrotise         |    62 |   136 |   139 |    55 |    29 ||   421
         Vampiric Draining |       |     9 |    68 |   222 |    96 ||   395
         Curse of Agony    |       |       |       |    29 |    28 ||    57
         Dispel Undead     |       |       |       |     3 |     2 ||     5
         Borgnjor's Vile C |       |       |       |    15 |    20 ||    35
         Animate Dead      |       |       |       |     7 |     6 ||    13
    Use: Scroll            |       |       |    10 |     4 |     4 ||    18
         Potion            |       |       |       |     1 |       ||     1
   Stab: Sleeping          |     1 |     1 |       |     2 |     1 ||     5
         Paralysed         |       |     2 |    21 |    73 |    46 ||   142
         Distracted        |       |       |     2 |     1 |     1 ||     4
 Armour: Robe              |    17 |    32 |   118 |   290 |   181 ||   638
  Dodge: Dodged            |    31 |    49 |   121 |   358 |   187 ||   746
  Block: Other             |    13 |     6 |    28 |   121 |    62 ||   230
